Map: Year Zero LE

Players

WarbuffII

  • Race: Protoss Protoss
  • League: Diamond
  • Spawn Location: 11:00

StWaffle - Winner!

  • Race: Zerg Zerg
  • League: Diamond
  • Spawn Location: 1:00

VOD

Have the link to the VOD?

Description

Time

  • Played on: March 14, 2019, 3:27 p.m.
  • Length: 12:52
Show
View Real Time Build Order
Export as new Build Order

WarbuffII Protoss 

Build Orders:  

Get SALT Encoding   

  1  0:00  Probe  
  13  0:10  Probe  
  14  0:22  Probe  
  15  0:31  Pylon  
  15  0:49  Probe  
  16  0:50  Pylon  
  16  0:51  Gateway  
  16  0:57  Assimilator  
  16  0:59  Probe  
  16  1:00  Assimilator  
  17  1:21  Gateway  
  17  1:24  Probe  
  18  1:33  Assimilator  
  18  1:37  Probe  
  19  1:48  Cybernetics Core  
  19  1:55  Probe  
  20  2:17  Probe  
  21  2:27  Twilight Council  
  21  2:29  Warp Gate  
  21  2:30  Gateway  
  20  2:37  Adept  
  20  2:39  Resonating Glaives  
  22  2:52  Nexus  
  22  3:01  Probe  
  23  3:08  Adept  
  25  3:23  Adept  
  25  3:24  Adept  
  29  3:34  Pylon  
  29  3:40  Adept  
  31  3:51  Robotics Facility  
  31  3:52  Probe  
  32  4:04  Probe  
  32  4:05  Probe  
  34  4:17  Adept  
  34  4:18  Adept  
  34  4:20  Adept  
  34  4:24  Probe x2  
  42  4:35  Warp Prism  
  42  4:36  Probe  
  42  4:37  Probe  
  46  4:48  Probe  
  46  4:49  Probe  
  48  5:00  Probe  
  48  5:01  Probe  
  50  5:11  Warp Prism  
  50  5:12  Probe  
  53  5:30  Gateway  
  53  5:33  Gateway  
  53  5:34  Probe  
  54  5:38  Pylon  
  54  5:55  Pylon  
  54  5:56  Probe  
  55  5:58  Pylon  
  55  6:10  Adept x3  
  61  6:32  Nexus  
  61  6:34  Pylon  
  61  6:54  Immortal  
  61  6:55  Adept x2  
  61  6:56  Adept x3  
  61  7:05  Probe  
  58  7:21  Charge  
  54  7:25  Immortal  
  50  7:31  Robotics Facility  
  54  7:40  Adept x3  
  54  7:41  Adept x2  
  58  8:05  Stalker x5  
  60  8:10  Shield Battery  
  60  8:11  Shield Battery  
  60  8:12  Probe x2  
  62  8:14  Shield Battery  
  62  8:15  Shield Battery  
  58  8:39  Immortal  
  56  8:59  Stalker x3  
  56  9:00  Stalker x2  
  50  9:23  Stalker x4  
  48  9:40  Stalker  
  48  9:41  Probe  
  48  9:42  Probe x2  
  53  9:54  Probe x3  
  53  9:56  Stalker  
  55  10:05  Stalker  
  55  10:06  Probe  
  53  10:16  Blink  
  50  10:29  Probe  
  50  10:30  Probe x2  
  53  10:37  Probe  
  53  10:38  Probe  
  53  10:40  Probe  
  56  10:57  Stalker x2  
  60  11:09  Probe x3  
  60  11:11  Sentry x2  
  51  11:38  Stalker x3  
  51  11:39  Zealot x2  
  59  11:43  Probe x3  
  54  12:01  Stalker x2  
  54  12:10  Probe x3  
  54  12:12  Assimilator  
  54  12:13  Assimilator  
  54  12:15  Assimilator  
  57  12:17  Assimilator  
  57  12:19  Stalker  
  59  12:31  Stalker x2  
Show
View Real Time Build Order
Export as new Build Order

StWaffle Zerg - Winner!

Build Orders: Hatch First 

Get SALT Encoding   

  12  0:01  Drone  
  13  0:13  Overlord  
  13  0:19  Drone  
  14  0:32  Drone x2  
  16  0:51  Hatchery  
  16  0:54  Drone  
  16  0:57  Drone  
  17  1:01  Drone  
  18  1:10  Extractor  
  17  1:16  Spawning Pool  
  16  1:20  Drone  
  16  1:23  Drone  
  18  1:29  Drone  
  19  1:44  Drone  
  20  1:51  Overlord  
  20  2:03  Queen x2  
  20  2:07  Zergling x4  
  26  2:12  Metabolic Boost  
  26  2:19  Drone x2  
  28  2:38  Hatchery  
  27  2:52  Drone  
  27  2:54  Drone x5  
  33  3:04  Drone  
  34  3:11  Queen  
  36  3:13  Overlord  
  36  3:35  Overlord  
  36  3:36  Overlord  
  36  3:37  Drone x3  
  39  3:44  Drone x2  
  39  3:48  Roach Warren  
  40  3:49  Extractor  
  39  4:09  Lair  
  39  4:11  Drone x4  
  39  4:12  Evolution Chamber  
  39  4:13  Evolution Chamber, Drone  
  42  4:29  Extractor  
  42  4:30  Extractor  
  40  4:33  Roach  
  40  4:34  Roach x7  
  55  4:43  Zerg Missile Weapons Level 1  
  55  4:45  Drone x3  
  59  4:52  Drone  
  59  4:53  Drone x2  
  61  5:05  Drone  
  61  5:07  Roach x2  
  64  5:09  Overlord  
  66  5:23  Overlord x2  
  66  5:29  Drone  
  66  5:30  Drone x5  
  66  5:32  Glial Reconstitution  
  71  5:54  Drone x8  
  71  5:55  Spore Crawler  
  78  5:57  Hydralisk Den  
  78  6:01  Spire  
  78  6:02  Drone  
  78  6:04  Drone  
  79  6:05  Drone  
  80  6:20  Nydus Network  
  80  6:21  Overseer  
  56  7:07  Drone  
  56  7:08  Drone x14  
  63  7:12  Queen x3  
  71  7:17  Mutalisk x3  
  73  7:35  Mutalisk x5  
  83  7:48  Mutalisk x3  
  86  8:12  Nydus Canal  
  83  8:21  Mutalisk  
  83  8:22  Mutalisk  
  83  8:23  Drone  
  83  8:24  Drone x2  
  90  8:33  Overseer  
  90  8:47  Nydus Canal  
  90  8:50  Extractor  
  90  8:51  Extractor  
  78  9:22  Roach  
  78  9:23  Roach x5  
  76  9:35  Drone x6  
  82  10:16  Overlord  
  82  10:17  Overlord x2  
  80  10:24  Roach  
  80  10:25  Overlord  
  80  10:26  Overlord x5  
  82  10:36  Drone x3  
  85  10:46  Roach  
  85  10:47  Roach x2  
  91  10:54  Hatchery x2  
  89  11:05  Roach  
  89  11:06  Roach x7  
  99  11:30  Roach  
  99  11:31  Roach x11  
  115  11:42  Drone x6  
  115  11:46  Infestation Pit  
  120  12:01  Roach x10  
  126  12:03  Nydus Canal  
  136  12:11  Mutalisk  
  136  12:12  Mutalisk x5  
Tags
 
Add a new tag
Caveats
  • Supply blocks, unpowered buildings, or Contaminate may cause inaccurate times.
  • Supply counts are checked every 10 seconds.